 Dungeon Crawl Stone Soup version 0.17.1-3-g152610e (webtiles) character file.

468674 Romlok the Peltast (level 24, 0/148 HPs)
             Began as a Gargoyle Enchanter on Mar 14, 2016.
             Was the Champion of Okawaru.
             Killed from afar by a golden dragon (39 damage)
             ... with a bolt of fire
             ... on level 4 of the Depths on Apr 4, 2016.
             The game lasted 1 day 01:37:47 (68186 turns).

Romlok the Peltast (Gargoyle Enchanter)        Turns: 68186, Time: 1 , 01:37:47

Health: 0/148      AC: 37    Str: 20    XL:     24   Next: 62%
Magic:  34/37      EV: 27    Int: 21    God:    Okawaru [******]
Gold:   5826       SH: 18    Dex: 22    Spells: 11 memorised, 17 levels left

rFire  . . .     SeeInvis +     a - +10 morningstar "Ibuheva" {crush, rF- rC+ MR+ Str+2}
rCold  + . .     Clarity  .     D - +4 troll leather armour
rNeg   + . .     SustAt   .     q - +2 shield {reflect}
rPois  ∞         Gourm    .     T - +2 hat {MR+}
rElec  +         Spirit   .     i - +0 cloak {MR+}
rCorr  .         Warding  .     e - +0 pair of gloves {Str+3}
rMut   .         Stasis   .     x - +0 pair of boots of Resourcefulness {rElec Str+3}
MR     ++++.                    h - amulet of regeneration
Stlth  +++.......               t - ring of protection from fire
                                C - ring "Moujeyfu" {Wiz Str-2 Int+3 Dex+4 SInv}

@: shrouded, flying, repel missiles, incredibly resistant to hostile
enchantments, fairly stealthy
A: big wings, icy blue scales 1, molten scales 1, negative energy resistance 1,
electricity resistance, unbreathing, petrification resistance, rot immunity, AC
+17
a: Stop Flying, Heroism, Finesse, Renounce Religion
}: 2/15 runes: decaying, serpentine


You were on level 4 of the Depths.
You worshipped Okawaru.
Okawaru was exalted by your worship.
You were not hungry.

You visited 9 branches of the dungeon, and saw 47 of its levels.
You also visited: Labyrinth, Bailey, Ice Cave, Volcano and Wizlab.

You collected 6261 gold pieces.
You spent 435 gold pieces at shops.

Inventory:

Hand Weapons
 a - the +10 morningstar "Ibuheva" (weapon) {crush, rF- rC+ MR+ Str+2}
   (You found it on level 3 of the Lair of Beasts)

   It inflicts extra damage upon your enemies.
   It affects your strength (+2).
   It makes you vulnerable to fire.
   It protects you from cold.
   It affects your resistance to hostile enchantments.
 b - the +8 flail of Darkness {pain, rElec rPois rC+}
   (You found it on level 5 of the Dungeon)

   In the hands of one skilled in necromantic magic, it inflicts extra damage on
   living creatures.
   It protects you from cold.
   It insulates you from electricity.
   It protects you from poison.
 R - a +2 eveningstar of holy wrath
Missiles
 f - 3 throwing nets
 S - 7 javelins of penetration (quivered)
Armour
 e - a +0 pair of gloves of strength (worn)
 i - a +0 cloak of magic resistance (worn)
 j - a +1 buckler of cold resistance
 q - a +2 shield of reflection (worn)
 x - the +0 pair of boots of Resourcefulness (worn) {rElec Str+3}
   (Okawaru gifted it to you on level 2 of the Snake Pit)

   It affects your strength (+3).
   It insulates you from electricity.
 D - a +4 troll leather armour (worn)
 H - the +9 plate armour of the Okapi {rF+}
   (You found it on level 3 of the Depths)

   It protects you from fire.
 J - a +4 plate armour of fire resistance
 K - the +0 cloak "Odoi" {+Fly Stlth+}
   (Okawaru gifted it to you on level 4 of the Depths)

   It lets you fly.
   It makes you more stealthy.
 L - a cursed +0 plate armour
 T - a +2 hat of magic resistance (worn)
 Z - the +1 robe "Ahaes" {rF++}
   (You found it on level 3 of the Elven Halls)

   It greatly protects you from fire.
Jewellery
 g - an uncursed ring of protection from magic
 h - an amulet of regeneration (around neck)
 l - the ring of the Vendetta {Wiz rF+}
   (You found it on level 2 of the Vaults)

   [ring of wizardry]

   It improves your spell success rate.
   It protects you from fire.
 m - an uncursed ring of positive energy
 o - an uncursed amulet of clarity
 t - a ring of protection from fire (right hand)
 u - an uncursed amulet of stasis
 C - the ring "Moujeyfu" (left hand) {Wiz Str-2 Int+3 Dex+4 SInv}
   (You found it in a labyrinth)

   [ring of wizardry]

   It improves your spell success rate.
   It affects your strength (-2).
   It affects your intelligence (+3).
   It affects your dexterity (+4).
   It lets you see invisible.
 E - an uncursed ring of sustain attributes
 X - an uncursed ring of positive energy
Wands
 v - a wand of flame (25)
 w - a wand of paralysis (21)
 y - a wand of polymorph (12)
 A - a wand of disintegration (13)
Scrolls
 c - 5 scrolls of magic mapping
 n - 8 scrolls of teleportation
 s - 10 scrolls of identify
 z - 4 scrolls of fear
 N - a scroll of enchant armour
 O - 3 scrolls of blinking
 P - a scroll of amnesia
 Q - 23 scrolls of remove curse
Potions
 d - 11 potions of curing
 k - a potion of invisibility
 p - a potion of cure mutation
 B - 5 potions of resistance
 F - 3 potions of heal wounds
 I - 4 potions of haste
 M - 4 potions of agility
Books
 V - the Reference Book on the Voyage
   (You found it on level 4 of the Depths)

   Spells                             Type                      Level
   a - Blink                          Translocation                2
   b - Recall                         Summoning/Translocation      3
   c - Teleport Other                 Translocation                3
   d - Warp Weapon                    Charms/Translocation         5
Comestibles
 r - 14 slices of pizza
 G - 2 bread rations
 U - 6 chunks of flesh


   Skills:
 + Level 14.3 Fighting
   Level 0.8 Short Blades
 + Level 17.4 Maces & Flails
   Level 3.0 Polearms
 + Level 14.6 Armour
 * Level 15.4 Dodging
 - Level 3.2 Stealth
 * Level 17.8 Shields
 - Level 10.0 Spellcasting
 + Level 10.4 Hexes
 + Level 12.7 Charms
 - Level 6.0 Necromancy
 - Level 7.6 Translocations
 - Level 12.0 Invocations


You had 17 spell levels left.
You knew the following spells:

 Your Spells              Type           Power        Failure   Level  Hunger
a - Corona                Hex            ######.      1%          1    None
b - Ensorcelled Hibernat  Hex/Ice        ####..       1%          2    None
c - Confuse               Hex            ######..     1%          3    None
d - Tukima's Dance        Hex            ######..     1%          3    None
e - Dazzling Spray        Conj/Hex       ####....     1%          3    None
f - Repel Missiles        Chrm/Air       #####.       1%          2    None
g - Blink                 Tloc           N/A          1%          2    None
h - Haste                 Chrm           ######..     3%          6    ######.
i - Apportation           Tloc           #####.....   1%          1    None
j - Animate Skeleton      Necr           N/A          1%          1    None
k - Shroud of Golubria    Chrm/Tloc      ######....   1%          2    None


Dungeon Overview and Level Annotations

Branches:
Dungeon (15/15)            Temple (1/1) D:6            Lair (8/8) D:10
  Swamp (4/4) Lair:3        Snake (4/4) Lair:5        Slime (0/6) Lair:7
    Orc (4/4) D:12            Elf (3/3) Orc:3        Vaults (4/5) D:14
  Crypt (0/3) Vaults:2     Depths (4/5) D:15

Altars:
Ashenzari
Cheibriados
Dithmenos
Elyvilon
Fedhas
Gozag
Kikubaaqudgha
Makhleb
Nemelex Xobeh
Okawaru
Qazlal
Ru
Sif Muna
Trog
Vehumet
Xom
Yredelemnul
Zin
The Shining One
Beogh
Jiyva

Shops:
D:12 (   Orc:4 :([   Elf:1 *((   Snake:2 [   Snake:3 [   Vaults:1 (

Portals:
Hell: Depths:1 Depths:2 Depths:3
Abyss: Depths:2 Depths:4
Pandemonium: Depths:1 Depths:3
Ziggurat: Depths:2

Annotations:
D:6 Sanvar's ghost, novice HuGl
D:8 Erica!, Erica
Lair:4 exclusion: oklob plant
Swamp:3 exclusions: oklob plant and oklob sapling, Execuda's ghost, adept FoFi


Innate Abilities, Weirdness & Mutations

You are resistant to torment.
Your stone body is resilient (AC +17).
You are immune to poison.
Your large and strong wings let you fly indefinitely.
You resist negative energy.
You are resistant to electric shocks.
You can survive without breathing.
You are immune to petrification.
You are immune to rotting.
You are partially covered in icy blue scales (AC +1).
You are partially covered in molten scales (AC +1).


Message History

Unknown command.
Unknown command.
Unknown command.
Casting: Confuse
Confirm with . or Enter, or press ? or * to list all spells.
Space distorts slightly along a thin shroud covering your body.
The golden dragon breathes fire at you. The bolt of fire hits you!
* * * LOW HITPOINT WARNING * * *
Drink which item? (? for menu, Esc to quit)
Okay, then.
Unknown command.
Unknown command.
Unknown command.
Casting: Shroud of Golubria
Confirm with . or Enter, or press ? or * to list all spells.
You blink.
The golden dragon breathes fire at you. The bolt of fire hits you!
You die...

###### #.......###......# .....##
##.#(......#.....## ...8..##
##..##......#....##
...[...###...###.#...#...##
........##.D..#####.....##
........##.#§..## #..)###
......8..#D##...# #..>###########
.........#..#..####......Z..(....
.C.......'....#.@................
.........#.#............(....(..(
......8..###.#...).............>.
........###..#...##...).)......(.
........###.....###..[###########
....w..##.##..####..).###
...8..##..#######.#.((>.##
.....##..## ###.....#.#.##
######...# ##........#...#


You could see a golden dragon.

Vanquished Creatures
  A juggernaut (Depths:4)
  the Lernaean hydra (Swamp:4)
  2 caustic shrikes (Depths:3)
  3 golden dragons
  A lich (Depths:2)
  Jorgrun (Swamp:2)
  A Cloud Mage (WizLab)
  A tentacled monstrosity (Vaults:3)
  3 deep elf blademasters
  Asterion (Depths:1)
  2 deep elf master archers (Elf:3)
  2 quicksilver dragons
  7 thorn hunters
  6 sphinxes
  Kirke (Snake:1)
  5 tengu reavers
  Wiglaf (Snake:4)
  5 deep elf sorcerers
  8 greater nagas
  Donald (Snake:4)
  3 frost giants
  7 fire giants
  An orc warlord (Orc:4)
  An emperor scorpion (shapeshifter) (Depths:3)
  8 vault wardens
  A ghoul (Vaults:2)
  6 ironheart preservers
  A reaper (Depths:1)
  12 stone giants
  An apis (Depths:1)
  15 very ugly things
  A war gargoyle (Vaults:4)
  4 deep elf demonologists
  A lorocyproca (Depths:3)
  2 vampire knights
  2 deep elf annihilators
  A large abomination (Elf:2)
  8 ettins
  The ghost of jesusflecha the Blocker, a journeyman MiFi of Qazlal (Orc:4)
  Snorg (D:11)
  A minotaur (Lab)
  6 deep elf death magi
  9 fire dragons
  8 vault guards (D:14)
  2 deep elf high priests (Elf:3)
  8 yaktaur captains
  10 great orbs of eyes
  4 rakshasas
  6 ogre magi
  24 anacondas
  19 naga warriors
  6 ice dragons
  A ghost crab (Swamp:4)
  The ghost of riffraff the Nimble, a journeyman DsBe of Trog (D:13)
  6 centaur warriors
  Erolcha (D:12)
  16 dancing weapons (Elf:2)
  14 alligators
  A death knight (Vaults:2)
  23 hydras
  3 catoblepae
  9 tengu warriors
  4 spriggan berserkers
  2 vampire magi
  7 deep troll shamans
  5 death yaks (Lair:8)
  8 deep troll earth magi
  21 naga sharpshooters
  4 orc high priests
  14 shock serpents
  A soul eater (Depths:1)
  A titan zombie (Depths:3)
  Urug (Volcano)
  A small abomination (Vaults:1)
  4 spriggans
  4 hell knights (Depths:1)
  19 deep elf knights
  2 wizards
  4 unseen horrors
  2 fire crabs
  2 shadow wraiths
  4 iron trolls
  A fire crab (shapeshifter) (Vaults:2)
  5 salamander mystics
  2 flayed ghosts (Vaults:4)
  6 deep elf summoners
  10 swamp dragons
  2 giant orange brains
  A torturous demonspawn (Depths:3)
  12 deep trolls
  2 ice devils (IceCv)
  5 shambling mangroves
  8 ironbrand convokers
  3 phantasmal warriors
  5 necromancers
  7 hill giants
  8 naga ritualists
  A lindwurm (Lair:8)
  A tengu zombie (Depths:3)
  11 griffons
  13 orc knights
  A tengu skeleton (Vaults:4)
  A wolf spider (Vaults:1)
  4 hornets
  6 manticores
  5 orc sorcerers
  53 black mambas
  38 ugly things
  17 deep elf conjurers
  11 mana vipers
  A sixfirhy (Depths:3)
  A mana viper (shapeshifter) (Depths:4)
  3 cyclopes
  A sphinx skeleton (Depths:3)
  A hornet (shapeshifter) (Elf:2)
  A moth of wrath (shapeshifter) (Vaults:4)
  15 salamanders
  A griffon (shapeshifter) (Depths:3)
  18 guardian serpents
  8 vault sentinels
  6 harpies
  A frost giant skeleton (Vaults:3)
  A stone giant skeleton (Vaults:3)
  21 elephants
  26 naga magi
  A black mamba (shapeshifter) (Elf:1)
  2 ice statues (IceCv)
  Psyche (D:12)
  A rust devil (Depths:3)
  2 gargoyles
  2 torpor snails (Lair:8)
  51 yaktaurs
  25 spiny frogs
  2 komodo dragons (shapeshifter) (Vaults:3)
  4 kobold demonologists
  13 komodo dragons
  16 deep elf priests
  3 tengu conjurers
  3 freezing wraiths
  3 fire drakes
  A polar bear (shapeshifter) (Depths:1)
  9 giant leeches
  2 polar bears
  8 wind drakes (WizLab)
  32 slime creatures
  A wind drake (shapeshifter) (Elf:3)
  5 trolls
  A trapdoor spider zombie (D:14)
  A two-headed ogre (shapeshifter) (Vaults:2)
  19 bog bodies
  5 boulder beetles
  A fire giant simulacrum (Vaults:3)
  A tengu simulacrum (Depths:3)
  6 two-headed ogres
  15 blink frogs
  8 blue devils (IceCv)
  2 tarantellas (Vaults:4)
  2 snapping turtles (shapeshifter)
  7 redbacks
  3 shadows
  35 air elementals (WizLab)
  A vampire (D:14)
  A hog (shapeshifter) (Depths:3)
  5 wyverns
  66 yaks
  3 basilisks
  A human (D:7)
  A basilisk (shapeshifter) (D:14)
  A golden eye (shapeshifter) (Vaults:3)
  A fire elemental (D:14)
  2 neqoxecs (Depths:1)
  Grum (D:11)
  25 deep elf magi
  A hungry ghost (D:7)
  2 wraiths
  6 wargs
  32 vampire mosquitoes
  13 insubstantial wisps
  5 hippogriffs
  19 wolves
  35 deep elf fighters
  76 nagas
  Edmund (D:6)
  4 mottled dragons
  A naga (shapeshifter) (Depths:1)
  24 swamp worms
  23 water moccasins
  14 swamp drakes
  A sky beast (D:5)
  36 orc warriors
  4 phantoms
  A black bear (shapeshifter) (Vaults:3)
  2 eyes of draining
  2 human zombies
  7 ice beasts
  A hell hound (Depths:1)
  19 ogres
  An ogre (shapeshifter) (Vaults:4)
  2 black bears
  17 porcupines
  5 centaurs
  A sky beast (shapeshifter) (Vaults:3)
  12 wasps
  20 crocodiles
  3 boggarts
  20 giant frogs
  A brain worm (shapeshifter) (Vaults:3)
  5 big kobolds
  A deep troll simulacrum (Vaults:3)
  A gnoll sergeant (D:4)
  A wyvern skeleton (D:7)
  7 scorpions
  A water moccasin skeleton (D:4)
  13 killer bees
  3 electric eels
  9 wights
  7 crimson imps
  An elf skeleton (Vaults:4)
  7 jellies
  A lava snake (D:14)
  2 centaur zombies
  28 orc priests
  2 giant frog skeletons
  A quasit (D:10)
  A giant frog zombie (D:9)
  2 gnoll shamans
  5 hounds
  6 iguanas
  31 orc wizards
  3 centaur skeletons
  8 worker ants
  52 sheep
  79 river rats
  16 adders
  38 gnolls
  4 shadow imps
  22 white imps
  6 ufetubi (IceCv)
  4 oozes (Depths:3)
  5 worms
  6 giant geckos
  157 orcs
  4 giant cockroaches
  12 goblins
  9 hobgoblins
  26 jackals
  8 quokkas
  4 ball pythons
  13 bats
  7 giant newts
  A jackal zombie (D:7)
  49 kobolds
  2 rats
  A bush (Lair:5)
  4 fungi
  A plant (Lair:8)
2250 creatures vanquished.

Vanquished Creatures (collateral kills)
  Norris (Vaults:1)
  Saint Roka (Depths:4)
  A lich (Depths:4)
  A shadow dragon (Depths:3)
  An azure jelly (Depths:3)
  A tengu reaver (Depths:3)
  A frost giant (Depths:2)
  2 fire giants
  An iron dragon (Depths:2)
  A salamander stormcaller (Vaults:3)
  A death ooze (Depths:3)
  A rakshasa (Vaults:1)
  4 great orbs of eyes (Depths:3)
  A yaktaur captain (Depths:4)
  An entropy weaver (Depths:4)
  2 ogre magi
  A tengu warrior (Depths:2)
  A spriggan berserker (Depths:2)
  A death drake (shapeshifter) (Vaults:4)
  A deep elf summoner (Vaults:1)
  5 deep trolls
  2 hill giants
  2 orc knights (Vaults:1)
  A harpy (Vaults:3)
  2 ugly things
  2 ironbrand convokers
  A cyclops (Vaults:1)
  2 salamanders
  An orange demon (Depths:1)
  A guardian serpent (shapeshifter) (Depths:4)
  5 yaktaurs
  A deep elf priest (Elf:2)
  A boulder beetle (Vaults:4)
  A deep elf mage (Elf:2)
  4 vampire mosquitoes
  2 orc warriors
  7 ogres
  A human skeleton (Vaults:4)
  A giant frog zombie (D:5)
  An orc wizard (Depths:4)
  Crazy Yiuf (D:6)
  An iron imp (Depths:1)
  An adder (D:6)
  An ooze (Depths:3)
  7 orcs
79 creatures vanquished.

Vanquished Creatures (others)
  A fire giant (Depths:3)
  A salamander stormcaller (Vaults:1)
  A hell knight (Depths:1)
  A necromancer (Depths:1)
  An ironbrand convoker (Vaults:1)
  A deep elf conjurer (Elf:3)
  An ugly thing (Vaults:1)
  A griffon (Vaults:1)
  A black mamba (Snake:3)
  3 yaktaurs (Depths:3)
  2 dancing weapons
  2 humans
  An iguana (Snake:1)
  An orc wizard (D:14)
  An ufetubus (IceCv)
  A quokka (D:8)
  A fire vortex (Vaults:1)
  34 fungi
  21 plants
76 creatures vanquished.

Grand Total: 2405 creatures vanquished

Notes
Turn   | Place    | Note
--------------------------------------------------------------
     0 | D:1      | Romlok the Gargoyle Enchanter began the quest for the Orb.
     0 | D:1      | Reached XP level 1. HP: 10/10 MP: 3/3
   293 | D:1      | Reached skill level 1 in Fighting
   293 | D:1      | Reached XP level 2. HP: 14/16 MP: 1/5
   389 | D:1      | Reached skill level 1 in Armour
   955 | D:1      | Reached XP level 3. HP: 20/20 MP: 4/6
   959 | D:1      | Learned a level 2 spell: Ensorcelled Hibernation
   963 | D:1      | Learned a level 3 spell: Confuse
  1923 | D:2      | Reached XP level 4. HP: 26/26 MP: 4/7
  1948 | D:2      | Found a snail-covered altar of Cheibriados.
  1949 | D:2      | Found a sacrificial altar of Ru.
  2780 | D:3      | Reached XP level 5. HP: 30/30 MP: 5/8
  2823 | D:3      | Found a faded altar to an unknown god.
  3793 | D:4      | Found a burning altar of Makhleb.
  4032 | D:4      | Noticed a phantom
  4108 | D:4      | Reached skill level 1 in Maces & Flails
  4134 | D:4      | Found a sparkling altar of Nemelex Xobeh.
  4464 | D:4      | Noticed an ogre
  4550 | D:4      | Found a glowing silver altar of Zin.
  5201 | D:4      | Reached XP level 6. HP: 25/36 MP: 9/9
  5291 | D:4      | Found a deep blue altar of Sif Muna.
  5521 | D:4      | Learned a level 3 spell: Tukima's Dance
  6290 | D:4      | Reached XP level 7. HP: 39/41 MP: 11/11
  6434 | D:4      | Reached skill level 1 in Polearms
  7055 | D:4      | Reached skill level 4 in Armour
  7608 | D:5      | Entered Level 5 of the Dungeon
  7669 | D:5      | Got a warped flail
  8603 | D:5      | Reached XP level 8. HP: 11/48 MP: 12/12
  8876 | D:4      | Killed an ogre
  9502 | D:6      | Noticed Sanvar's ghost (novice HuGl)
  9565 | D:6      | Noticed Crazy Yiuf
  9609 | D:6      | Identified the +8 flail of Darkness {pain, rElec rPois rC+} (You found it on level 5 of the Dungeon)
  9629 | D:6      | Found a staircase to the Ecumenical Temple.
  9638 | Temple   | Entered the Ecumenical Temple
  9710 | Temple   | Became a worshipper of Warmaster Okawaru
  9745 | D:6      | Noticed Edmund
  9769 | D:6      | Killed Edmund
  9769 | D:6      | Reached skill level 5 in Armour
 10024 | D:6      | Reached XP level 9. HP: 39/52 MP: 14/14
 10277 | D:5      | Reached skill level 5 in Fighting
 10302 | D:5      | Reached * piety under Okawaru
 10488 | D:5      | Reached skill level 1 in Invocations
 10632 | D:5      | Gained mutation: You are partially covered in molten scales (AC +1). [potion of mutation]
 10632 | D:5      | Gained mutation: Potions and wands are less effective at restoring your health. [potion of mutation]
 10632 | D:5      | Gained mutation: Armour fits poorly on your strangely shaped body. [potion of mutation]
 10831 | D:6      | Killed Crazy Yiuf
 11062 | D:6      | Reached skill level 6 in Armour
 11439 | D:6      | Reached skill level 5 in Maces & Flails
 11439 | D:6      | Reached skill level 5 in Hexes
 11671 | D:7      | Reached ** piety under Okawaru
 11811 | D:7      | Reached skill level 5 in Dodging
 11821 | D:7      | Reached XP level 10. HP: 45/59 MP: 13/15
 12908 | D:7      | Reached *** piety under Okawaru
 13053 | D:8      | Noticed Erica
 13301 | D:8      | Got a clouded garnet amulet
 13313 | D:8      | Identified the amulet "Amumi" {Faith rElec rPois rC- Stlth+} (You found it on level 8 of the Dungeon)
 13473 | D:8      | Found a white marble altar of Elyvilon.
 13792 | D:9      | Reached skill level 7 in Maces & Flails
 14067 | D:9      | Reached **** piety under Okawaru
 14090 | D:9      | Found a flagged portal.
 14217 | Bailey   | Entered a bailey
 14264 | Bailey   | Reached skill level 5 in Invocations
 14269 | Bailey   | Reached skill level 8 in Maces & Flails
 14414 | Bailey   | Noticed a deep elf knight
 14442 | Bailey   | Killed a deep elf knight
 14442 | Bailey   | Reached ***** piety under Okawaru
 14442 | Bailey   | Reached XP level 11. HP: 61/64 MP: 14/16
 14566 | Bailey   | Received a gift from Okawaru
 14639 | D:9      | Learned a level 3 spell: Dazzling Spray
 14723 | D:9      | Reached skill level 1 in Shields
 15608 | D:10     | Entered Level 10 of the Dungeon
 15682 | D:10     | Noticed a hill giant
 15981 | D:10     | Found a staircase to the Lair.
 16098 | D:10     | Noticed a hill giant
 16116 | D:10     | Noticed a hill giant
 16218 | D:10     | Found a basalt altar of Yredelemnul.
 16300 | D:10     | Received a gift from Okawaru
 16301 | D:10     | Got a heavily jewelled robe {god gift}
 16312 | D:10     | Identified the +1 robe "Laukuud" {+Inv rN+} (Okawaru gifted it to you on level 10 of the Dungeon)
 16423 | D:11     | Noticed Snorg
 16497 | D:11     | Reached skill level 9 in Maces & Flails
 16610 | D:11     | Found a labyrinth entrance.
 16624 | Lab      | Entered a labyrinth
 16807 | Lab      | Noticed a minotaur
 16860 | Lab      | Killed a minotaur
 16872 | Lab      | Got a twitching steel ring
 16872 | Lab      | Got a crude copper ring
 16872 | Lab      | Identified the Tome of Companions
 16927 | D:11     | Identified the ring "Moujeyfu" {Wiz Str-2 Int+3 Dex+4 SInv} (You found it in a labyrinth)
 16929 | D:11     | Identified the ring of Fyom {*Corrode +Blink +Inv rElec rF+} (You found it in a labyrinth)
 16978 | D:11     | Identified a scroll of acquirement
 17596 | D:11     | Noticed an eight-headed hydra
 17712 | Lair:1   | Entered Level 1 of the Lair of Beasts
 17986 | Lair:1   | Reached XP level 12. HP: 48/68 MP: 17/17
 18283 | Lair:1   | Got a faintly glowing halberd
 18578 | Lair:2   | Reached skill level 10 in Maces & Flails
 19340 | Lair:2   | Reached skill level 5 in Shields
 19640 | Lair:2   | Received a gift from Okawaru
 19934 | Lair:2   | Identified the cursed +0 halberd of Ashenzari's Fury {pain, rElec rPois Str+3 Dex-4} (You found it on level 1 of the Lair of Beasts)
 19961 | Lair:3   | Got a crude morningstar
 20291 | Lair:3   | Reached ****** piety under Okawaru
 20294 | Lair:3   | Reached skill level 11 in Maces & Flails
 20299 | Lair:3   | Received a gift from Okawaru
 20300 | Lair:3   | Got an ancient hat {god gift}
 20311 | Lair:3   | Identified the +0 hat of Objectivity {rElec rPois rC- MP+9} (Okawaru gifted it to you on level 3 of the Lair of Beasts)
 20709 | Lair:3   | Found a staircase to the Swamp.
 20889 | Lair:3   | Reached XP level 13. HP: 72/72 MP: 17/19
 21099 | Lair:3   | Identified the +10 morningstar "Ibuheva" {crush, rF- rC+ MR+ Str+2} (You found it on level 3 of the Lair of Beasts)
 21334 | Lair:4   | Found a blossoming altar of Fedhas.
 22070 | Lair:5   | Found a dark tunnel.
 22093 | Volcano  | Entered a volcano
 22112 | Volcano  | Found a bloodstained altar of Trog.
 22113 | Volcano  | Noticed Urug
 22154 | Volcano  | Killed Urug
 22543 | Lair:5   | Reached skill level 12 in Maces & Flails
 22757 | Lair:5   | Received a gift from Okawaru
 22911 | Lair:5   | Reached skill level 13 in Maces & Flails
 22936 | Lair:5   | Found a staircase to the Snake Pit.
 23328 | Lair:5   | Learned a level 2 spell: Repel Missiles
 23331 | Lair:5   | Learned a level 2 spell: Blink
 23485 | Lair:6   | Reached skill level 14 in Maces & Flails
 23624 | Lair:6   | Gained mutation: Your large and strong wings let you fly indefinitely. [Gargoyle growth]
 23624 | Lair:6   | Reached XP level 14. HP: 78/78 MP: 18/20
 23930 | Lair:6   | Received a gift from Okawaru
 23931 | Lair:6   | Got a slimy great mace {god gift}
 23937 | Lair:6   | Identified the +0 great mace "Ytua" {venom, Stlth+} (Okawaru gifted it to you on level 6 of the Lair of Beasts)
 24671 | Lair:7   | Found a viscous altar of Jiyva.
 24941 | Lair:7   | Found a staircase to the Slime Pits.
 25014 | Lair:7   | Received a gift from Okawaru
 25167 | Lair:7   | Reached skill level 15 in Maces & Flails
 25326 | Lair:8   | Entered Level 8 of the Lair of Beasts
 26123 | Lair:8   | Received a gift from Okawaru
 26403 | Lair:8   | Reached XP level 15. HP: 10/82 MP: 18/21
 26610 | Lair:8   | Reached skill level 16 in Maces & Flails
 26900 | Lair:8   | Reached skill level 10 in Dodging
 26909 | Lair:8   | Reached skill level 1 in Translocations
 26969 | Lair:8   | Reached skill level 1 in Charms
 27333 | Snake:1  | Entered Level 1 of the Snake Pit
 27689 | Swamp:1  | Entered Level 1 of the Swamp
 27890 | Swamp:1  | Received a gift from Okawaru
 28735 | Swamp:2  | Noticed a thorn hunter
 28747 | Swamp:2  | Killed a thorn hunter
 28887 | Swamp:2  | Received a gift from Okawaru
 28983 | Swamp:2  | Reached skill level 10 in Shields
 29040 | Swamp:2  | Noticed Jorgrun
 29672 | Swamp:2  | Killed Jorgrun
 29810 | Swamp:3  | Noticed Execuda's ghost (adept FoFi)
 30014 | Swamp:3  | Reached XP level 16. HP: 78/88 MP: 23/23
 30191 | Swamp:3  | Reached skill level 5 in Spellcasting
 30485 | Swamp:3  | Noticed a thorn hunter
 30589 | Swamp:3  | Noticed a thorn hunter
 30614 | Swamp:3  | Killed a thorn hunter
 30620 | Swamp:3  | Received a gift from Okawaru
 30641 | Swamp:3  | Noticed a thorn hunter
 30661 | Swamp:3  | Killed a thorn hunter
 30847 | Swamp:3  | Killed a thorn hunter
 31068 | Swamp:3  | Noticed a thorn hunter
 31083 | Swamp:3  | Killed a thorn hunter
 31335 | Swamp:4  | Entered Level 4 of the Swamp
 31627 | Swamp:4  | Received a gift from Okawaru
 31749 | Swamp:4  | Noticed a thorn hunter
 31823 | Swamp:4  | Noticed a thorn hunter
 31839 | Swamp:4  | Killed a thorn hunter
 32292 | Swamp:4  | Got a crystal battleaxe
 32378 | Swamp:4  | Noticed the 27-headed Lernaean hydra
 32568 | Swamp:4  | Killed a thorn hunter
 32884 | Swamp:3  | Identified the +4 battleaxe of Tanaoju {elec, Dex+4} (You found it on level 4 of the Swamp)
 33144 | D:10     | Killed a hill giant
 33179 | D:10     | Killed a hill giant
 33191 | D:10     | Killed a hill giant
 33191 | D:10     | Reached XP level 17. HP: 91/93 MP: 22/24
 33314 | D:10     | Learned a level 6 spell: Haste
 33622 | D:11     | Noticed Grum
 33635 | D:11     | Killed Grum
 33679 | D:11     | Killed an eight-headed hydra
 33680 | D:11     | Noticed an unseen horror
 33688 | D:11     | Noticed a hill giant
 33694 | D:11     | Killed a hill giant
 33751 | D:11     | Killed Snorg
 33797 | D:11     | Killed an unseen horror
 33882 | D:12     | Noticed Psyche
 33883 | D:12     | Found Wicax's Weapon Boutique.
 33890 | D:12     | Killed Psyche
 33954 | D:12     | Found a staircase to the Orcish Mines.
 34277 | D:12     | Noticed Erolcha
 34285 | D:12     | Killed Erolcha
 34441 | Orc:1    | Entered Level 1 of the Orcish Mines
 35014 | Orc:2    | Found a roughly hewn altar of Beogh.
 35541 | Orc:3    | Found a staircase to the Elven Halls.
 35885 | Orc:3    | Reached skill level 15 in Shields
 35917 | Orc:3    | Found a frozen archway.
 35994 | IceCv    | Entered an ice cave
 36205 | IceCv    | Received a gift from Okawaru
 36966 | Orc:4    | Entered Level 4 of the Orcish Mines
 36966 | Orc:4    | Found Horchaan's Book Shoppe.
 37066 | Orc:4    | Found Coimets's General Store.
 37347 | Orc:4    | Found a roughly hewn altar of Beogh.
 37397 | Orc:4    | Found Muocot's Antique Weapon Boutique.
 37423 | Orc:4    | Noticed jesusflecha's ghost (journeyman MiFi)
 37456 | Orc:4    | Killed jesusflecha's ghost
 37795 | Orc:4    | Found Hiokkuv's Antique Armour Boutique.
 38322 | D:13     | Noticed riffraff's ghost (journeyman DsBe)
 38360 | D:13     | Killed riffraff's ghost
 38769 | D:13     | Found a sparkling altar of Nemelex Xobeh.
 38878 | D:14     | Found a sacrificial altar of Ru.
 38965 | D:14     | Received a gift from Okawaru
 39287 | D:14     | Found a gate to the Vaults.
 39683 | D:15     | Entered Level 15 of the Dungeon
 40171 | D:15     | Received a gift from Okawaru
 40379 | D:15     | Reached XP level 18. HP: 101/103 MP: 26/26
 40387 | D:15     | Found a staircase to the Depths.
 41476 | Snake:1  | Noticed Kirke
 41500 | Snake:1  | Killed Kirke
 41586 | Snake:1  | Reached skill level 10 in Invocations
 41641 | Snake:1  | Reached skill level 5 in Charms
 42425 | Snake:2  | Received a gift from Okawaru
 42455 | Snake:2  | Got a pair of smoking boots {god gift}
 42476 | Snake:2  | Identified the +0 pair of boots of Resourcefulness {rElec Str+3} (Okawaru gifted it to you on level 2 of the Snake Pit)
 42771 | Snake:2  | Found Urycviw's Antique Armour Boutique.
 43373 | Snake:3  | Reached skill level 10 in Fighting
 43634 | Snake:3  | Received a gift from Okawaru
 43635 | Snake:3  | Got an ichor-stained scale mail {god gift}
 43655 | Snake:3  | Identified the +5 scale mail of Fiux Kicw {+Inv rC+ rCorr MP-9} (Okawaru gifted it to you on level 3 of the Snake Pit)
 44095 | Snake:3  | Found Iryush's Armour Boutique.
 44428 | Snake:3  | Reached XP level 19. HP: 113/113 MP: 30/30
 44826 | Snake:4  | Entered Level 4 of the Snake Pit
 45248 | Snake:4  | Received a gift from Okawaru
 45432 | Snake:4  | Noticed Wiglaf
 45454 | Snake:4  | Killed Wiglaf
 45518 | Snake:4  | Got a heavily runed lead ring
 45660 | Snake:4  | Identified the cursed ring of Fanaticism {rElec MR+ Int-2} (You found it on level 4 of the Snake Pit)
 45682 | Snake:4  | Noticed Donald
 45727 | Snake:4  | Killed Donald
 46746 | Snake:4  | Received a gift from Okawaru
 46752 | Snake:4  | Got an encrusted hat {god gift}
 46812 | Snake:4  | Identified the -1 hat of Philately {-Cast rN+ Str+7 Dex+3} (Okawaru gifted it to you on level 4 of the Snake Pit)
 47039 | Snake:4  | Reached skill level 10 in Armour
 47276 | Snake:4  | Reached XP level 20. HP: 106/121 MP: 32/32
 47511 | Snake:4  | Got a serpentine rune of Zot
 48277 | Orc:4    | Bought a book of Cantrips for 300 gold pieces
 48279 | Orc:4    | Learned a level 1 spell: Apportation
 48281 | Orc:4    | Learned a level 1 spell: Animate Skeleton
 48614 | Swamp:4  | Killed the 27-headed Lernaean hydra
 48646 | Swamp:4  | Got a decaying rune of Zot
 48973 | Elf:1    | Entered Level 1 of the Elven Halls
 48992 | Elf:1    | Received a gift from Okawaru
 49185 | Elf:1    | Reached skill level 1 in Necromancy
 49280 | Elf:1    | Found Garobro's Assorted Antiques.
 49295 | Elf:1    | Bought a dented garnet amulet for 135 gold pieces
 49687 | Elf:1    | Found Jeq Dipra's Antique Weapon Shop.
 49920 | Elf:1    | Found Subroibo's Weapon Emporium.
 50836 | Elf:2    | Found a runed gate.
 50836 | Elf:2    | Found a runed gate.
 50844 | Elf:2    | Found a runed gate.
 51450 | Elf:2    | Reached skill level 5 in Translocations
 52001 | Elf:3    | Entered Level 3 of the Elven Halls
 52564 | Elf:3    | Received a gift from Okawaru
 52758 | Elf:3    | Reached XP level 21. HP: 65/126 MP: 34/34
 52953 | Elf:3    | Got a distressingly furry robe
 52964 | Elf:3    | Identified the +1 robe "Ahaes" {rF++} (You found it on level 3 of the Elven Halls)
 53008 | Elf:3    | Got a brightly glowing trident
 53009 | Elf:3    | Identified the +5 trident of a treasure trove {pain, *Noise rF++ rC+} (You found it on level 3 of the Elven Halls)
 53018 | Elf:3    | Got a transparent falchion
 53019 | Elf:3    | Identified the +3 falchion "Puut" {speed, Str+2} (You found it on level 3 of the Elven Halls)
 53195 | Elf:3    | Got an iridescent greatsling
 53196 | Elf:3    | Identified the +9 greatsling "Lexeegh" {venom, +Blink +Fly Str+6} (You found it on level 3 of the Elven Halls)
 53203 | Elf:3    | Got a warped flail
 53204 | Elf:3    | Identified the +1 flail of Okawaru {pain, rF+ MP+9 Stlth-} (You found it on level 3 of the Elven Halls)
 53735 | Vaults:1 | Entered Level 1 of the Vaults
 53813 | Vaults:1 | Received a gift from Okawaru
 54050 | Vaults:1 | Noticed Norris
 54194 | Vaults:1 | Found a magical portal.
 54220 | WizLab   | Entered The Chambers of Panwok the Cloud Mage
 54766 | WizLab   | Identified the Guide on Hurtful Flight
 54768 | WizLab   | Identified Yqeuwnim's Almanac of Destructive Feathers
 55224 | Vaults:1 | Found Unogarhoto's Antique Weapon Shoppe.
 55568 | Vaults:1 | Reached skill level 10 in Charms
 55933 | Vaults:1 | Killed Norris
 56125 | Vaults:1 | Your ally Norris died
 56511 | Vaults:2 | Got a transparent ivory ring
 56516 | Vaults:2 | Identified the ring of the Vendetta {Wiz rF+} (You found it on level 2 of the Vaults)
 57084 | Vaults:2 | Found a staircase to the Crypt.
 57377 | Vaults:2 | Received a gift from Okawaru
 58041 | Vaults:3 | Reached XP level 22. HP: 123/133 MP: 35/35
 58457 | Vaults:3 | Reached skill level 5 in Necromancy
 61470 | Depths:1 | Entered Level 1 of the Depths
 61571 | D:15     | Received a gift from Okawaru
 61575 | D:15     | Got a spiked shield {god gift}
 61589 | D:15     | Identified the +1 shield of Daffodils {Int+2} (Okawaru gifted it to you on level 15 of the Dungeon)
 61753 | Depths:1 | Noticed Asterion
 61788 | Depths:1 | Killed Asterion
 61929 | Depths:1 | Your ally Asterion died
 62187 | Depths:1 | Found a one-way gate leading to the halls of Pandemonium.
 62261 | Depths:1 | Reached XP level 23. HP: 115/140 MP: 36/36
 62813 | Depths:1 | Found a gateway to Hell.
 62917 | Depths:1 | Learned a level 2 spell: Shroud of Golubria
 63512 | Depths:2 | Reached skill level 17 in Maces & Flails
 63919 | Depths:2 | Reached skill level 10 in Spellcasting
 63966 | Depths:2 | Found a gateway to a ziggurat.
 64226 | Depths:2 | Received a gift from Okawaru
 64257 | Depths:2 | Got a spiked crystal plate armour {god gift}
 64283 | Depths:2 | Identified the +1 crystal plate armour of Linoparpha {rElec Dex+4} (Okawaru gifted it to you on level 2 of the Depths)
 64338 | Depths:2 | Found a one-way gate to the infinite horrors of the Abyss.
 65089 | Depths:1 | Got a pair of jewelled gloves
 65105 | Depths:1 | Gained mutation: Your body sometimes deteriorates upon taking damage. [mutagenic glow]
 65112 | Depths:1 | Identified the -2 pair of gloves of Yfiska {rF- rN+ rCorr} (You found it on level 1 of the Depths)
 65144 | Depths:1 | Gained mutation: Your body often deteriorates upon taking damage. [mutagenic glow]
 65184 | Depths:1 | Gained mutation: Your magical capacity is low (-10% MP). [mutagenic glow]
 65382 | Depths:2 | Lost mutation: Your body often deteriorates upon taking damage. [potion of cure mutation]
 65382 | Depths:2 | Lost mutation: Your body sometimes deteriorates upon taking damage. [potion of cure mutation]
 65382 | Depths:2 | Lost mutation: Armour fits poorly on your strangely shaped body. [potion of cure mutation]
 65382 | Depths:2 | Lost mutation: Potions and wands are less effective at restoring your health. [potion of cure mutation]
 65382 | Depths:2 | Lost mutation: Your magical capacity is low (-10% MP). [potion of cure mutation]
 65481 | D:14     | Gained mutation: You are partially covered in icy blue scales (AC +1). [potion of beneficial mutation]
 66106 | Depths:3 | Found a viscous altar of Jiyva.
 66579 | Depths:3 | Found a glowing golden altar of the Shining One.
 66663 | Depths:3 | Received a gift from Okawaru
 66761 | Depths:3 | Reached XP level 24. HP: 116/148 MP: 37/37
 66869 | Depths:3 | Reached skill level 10 in Hexes
 66962 | Depths:3 | Reached skill level 15 in Dodging
 67173 | Depths:3 | Got a twisted plate armour
 67218 | Depths:3 | Identified the +9 plate armour of the Okapi {rF+} (You found it on level 3 of the Depths)
 67544 | Depths:4 | Noticed Saint Roka
 67576 | Depths:4 | Killed Saint Roka
 67721 | Depths:4 | Received a gift from Okawaru
 67722 | Depths:4 | Got a faintly glowing cloak {god gift}
 67733 | Depths:4 | Identified the +0 cloak "Odoi" {+Fly Stlth+} (Okawaru gifted it to you on level 4 of the Depths)
 68106 | Depths:4 | Identified the Reference Book on the Voyage
 68116 | Depths:4 | Noticed a juggernaut
 68157 | Depths:4 | Killed a juggernaut
 68186 | Depths:4 | Killed from afar by a golden dragon

Action                   |  1- 3 |  4- 6 |  7- 9 | 10-12 | 13-15 | 16-18 | 19-21 | 22-24 || total
-------------------------+-------+-------+-------+-------+-------+-------+-------+-------++-------
Melee: Dagger            |   136 |   120 |       |       |       |       |       |       ||   256
       Mace              |    13 |   432 |       |       |       |       |       |       ||   445
       Spear             |       |    90 |   548 |       |       |       |       |       ||   638
       Flail             |       |       |   204 |  1122 |   147 |   267 |   257 |   707 ||  2704
       Morningstar       |       |       |       |       |  1334 |  2227 |  2275 |  1611 ||  7447
       Eveningstar       |       |       |       |       |       |       |     4 |    15 ||    19
Throw: Stone             |    18 |    55 |    41 |    15 |       |       |       |       ||   129
       Throwing net      |       |     6 |     6 |       |       |       |       |       ||    12
       Tomahawk          |       |       |       |     1 |     1 |    10 |       |       ||    12
       Javelin           |       |       |       |       |       |       |       |     2 ||     2
 Cast: Corona            |    25 |    69 |    88 |    84 |    80 |    42 |     8 |       ||   396
       Ensorcelled Hiber |     1 |    10 |     8 |     3 |     2 |     1 |       |     1 ||    26
       Tukima's Dance    |       |     1 |     9 |     7 |     1 |     6 |     5 |     6 ||    35
       Confuse           |       |     1 |       |     1 |     5 |    15 |     2 |    11 ||    35
       Dazzling Spray    |       |       |       |     2 |       |       |       |     2 ||     4
       Repel Missiles    |       |       |       |       |       |     6 |     6 |     8 ||    20
       Blink             |       |       |       |       |       |       |     1 |     1 ||     2
       Animate Skeleton  |       |       |       |       |       |       |    64 |   144 ||   208
       Apportation       |       |       |       |       |       |       |     4 |       ||     4
       Haste             |       |       |       |       |       |       |     1 |       ||     1
       Shroud of Golubri |       |       |       |       |       |       |       |    22 ||    22
Invok: Heroism           |       |       |     2 |     6 |    18 |     3 |     1 |       ||    30
       Finesse           |       |       |       |     3 |    18 |    10 |     3 |       ||    34
 Abil: Evoke Flight      |       |       |       |       |     3 |       |       |       ||     3
       Fly               |       |       |       |       |     2 |     4 |     1 |       ||     7
       Evoke Invisibilit |       |       |       |       |       |       |     1 |       ||     1
       Turn Visible      |       |       |       |       |       |       |     1 |       ||     1
       Stop Flying       |       |       |       |       |       |       |     1 |       ||     1
Evoke: Wand              |       |       |     7 |       |     1 |       |       |       ||     8
  Use: Scroll            |     3 |     2 |     6 |    11 |     9 |     6 |     4 |     1 ||    42
       Potion            |     2 |     4 |     7 |     6 |     4 |       |     2 |     4 ||    29
 Stab: Sleeping          |     4 |    11 |     3 |    17 |    19 |    35 |    14 |    10 ||   113
       Held in net/web   |       |     1 |     1 |     1 |       |       |       |       ||     3
       Paralysed         |       |       |    51 |       |       |       |       |       ||    51
       Distracted        |       |       |     1 |       |     2 |     7 |     5 |    39 ||    54
       Confused          |       |       |       |     1 |    11 |    17 |       |     8 ||    37
       Petrified         |       |       |       |       |       |     2 |       |       ||     2
       Invisible         |       |       |       |       |       |       |     2 |       ||     2
  Eat: Chunk             |     4 |    15 |    15 |    35 |    39 |    49 |    57 |    39 ||   253
       Fruit             |       |     3 |     3 |       |       |     2 |       |       ||     8
       Pizza             |       |       |     2 |       |       |     3 |       |     2 ||     7
